 Dungeon Crawl Stone Soup version 0.30-b1-2-g02819fbbbe (webtiles) character file.

Game seed: 9047961891049126725

6332 tilp the Covert (level 10, -3/74 HPs)
             Began as a Vampire Enchanter on May 12, 2023.
             Was a Priest of Wu Jian.
             Slain by a death yak (10 damage)
             ... on level 9 of the Dungeon.
             The game lasted 00:17:16 (9412 turns).

tilp the Covert (Vampire Enchanter)                 Turns: 9412, Time: 00:17:17

Health: -3/74      AC: 13    Str: 10    XL:     10   Next: 64%
Magic:  8/18       EV: 15    Int: 22    God:    Wu Jian [***...]
Gold:   980        SH:  0    Dex: 25    Spells: 8/19 levels left

rFire   . . .        a - +2 dagger
rCold   . . .        (no shield)
rNeg    . . .        u - +0 leather armour "Ymozoar" {Str+3 Dex+4}
rPois   .            q - +1 helmet
rElec   .            p - +2 cloak {rCorr}
rCorr   +            A - +2 pair of gloves
SInv    +            t - +1 pair of boots
Will    +....        (no amulet)
Stlth   +++++        f - +6 ring of dexterity
HPRegen 0.52/turn    (no ring)
MPRegen 0.16/turn

%: no passive effects
@: healing quickly, invisible
A: alive, fangs 3, see invisible, vampiric 2
a: Exsanguinate, Renounce Religion, Wall Jump, Serpent's Lash


You were on level 9 of the Dungeon.
You worshipped Wu Jian.
Wu Jian was most pleased with you.
You visited 2 branches of the dungeon, and saw 11 of its levels.

You collected 980 gold pieces.

Inventory:

Hand Weapons
 a - a +2 dagger (weapon)
 b - a +1 short sword of flaming
 G - a +1 scimitar of flaming
 I - a +1 short sword of electrocution
 N - a +2 dagger
Missiles
 e - 29 poisoned darts (quivered)
 h - 74 stones
 l - 5 curare-tipped darts
 L - 4 boomerangs
Armour
 p - a +2 cloak of preservation (worn)
 q - a +1 helmet (worn)
 t - a +1 pair of boots (worn)
 u - the +0 leather armour "Ymozoar" (worn) {Str+3 Dex+4}
   (You found it on level 5 of the Dungeon)

   Str:       It affects your strength (+3).
   Dex:       It affects your dexterity (+4).
 A - a +2 pair of gloves (worn)
 H - a +0 robe of willpower
Magical Staves
 B - a staff of cold
 F - a staff of death
Jewellery
 f - a +6 ring of dexterity (left hand)
 w - an amulet of faith
 K - an amulet of guardian spirit
Wands
 o - a wand of flame (39)
 z - a wand of polymorph (15)
 E - a wand of charming (14)
 M - a wand of roots (7)
Scrolls
 j - 2 scrolls of vulnerability
 r - 5 scrolls of teleportation
 y - 2 scrolls of enchant weapon
 D - 3 scrolls of poison
 O - a scroll of identify
Potions
 c - 2 potions of invisibility
 d - a potion of flight
 g - 3 potions of attraction
 i - a potion of ambrosia
 k - 3 potions of haste
 m - 3 potions of resistance
 n - 3 potions of mutation
 s - 3 potions of curing
 v - a potion of might
 x - a potion of cancellation
 C - a potion of berserk rage


   Skills:
 * Level 5.1 Fighting
 + Level 8.4 Short Blades
 + Level 2.8 Throwing
 + Level 4.8 Dodging
 + Level 10.7 Stealth
 + Level 5.4 Spellcasting
 + Level 1.4 Conjurations
 + Level 8.7 Hexes
 + Level 3.1 Ice Magic
 + Level 4.5 Evocations


You had 8 spell levels left.
You knew the following spells:

 Your Spells              Type           Power      Damage    Failure   Level
a - Ensorcelled Hibernat  Hex/Ice        64%        N/A       1%          2
b - Confusing Touch       Hex            44%        N/A       1%          3
c - Tukima's Dance        Hex            44%        N/A       1%          3
d - Dazzling Flash        Conj/Hex       56%        N/A       4%          3

Your spell library contained the following spells:

 Spells                   Type           Power      Damage    Failure   Level
 Magic Dart               Conj           48%        1d5       7%          1
 Kiss of Death            Conj/Necr      36%        2d8       10%         1
 Ozocubu's Armour         Ice            19%        N/A       11%         3
 Call Imp                 Summ           12%        N/A       21%         2
 Mephitic Cloud           Conj/Pois/Air  8%         N/A       32%         3
 Metabolic Englaciation   Hex/Ice        16%        N/A       32%         5
 Dispel Undead            Necr           6%         3d8       78%         4
 Simulacrum               Ice/Necr       6%         N/A       100%        6


Dungeon Overview and Level Annotations

Branches:
Dungeon (10/15)            Temple (1/1) D:5
   Lair: D:8-11         Orc: D:9-12

Altars:
Ashenzari
Cheibriados
Dithmenos
Fedhas
Gozag
Hepliaklqana
Kikubaaqudgha
Makhleb
Nemelex Xobeh
Okawaru
Qazlal
Ru
Sif Muna
Trog
Vehumet
Wu Jian
Xom
Yredelemnul

Shops:
D:8 (   D:9 [

Annotations:
D:10 1 runed translucent door, sanka's ghost, journeyman DEAr


Innate Abilities, Weirdness & Mutations

Your natural rate of healing is accelerated.
You have razor-sharp teeth.
You have supernaturally acute eyesight. (SInv)
You are afflicted with vampirism and can become a bat while bloodless.


Message History

The death yak misses you.
You climb upwards.
There is a stone staircase leading down here.
Unknown command.
Casting: Dazzling Flash (dangerous; 4% risk of failure)
Confirm with . or Enter, or press ? or * to list all spells.
Aiming: Ensorcelled Hibernation (safe; 1% risk of failure)
Press: ? - help, Shift-Dir - straight line, f - death yak
Aim: a death yak (chance to affect: 5%)
The death yak resists with almost no effort.
The sentinel's mark upon you fades away.
The death yak gores you.
* * * LOW HITPOINT WARNING * * *
Unknown command.
Casting: Ensorcelled Hibernation (safe; 1% risk of failure)
Confirm with . or Enter, or press ? or * to list all spells.
Aiming: Ensorcelled Hibernation (safe; 1% risk of failure)
Press: ? - help, Shift-Dir - straight line, f/p - death yak
Aim: a death yak (chance to affect: 5%)
The death yak resists with almost no effort.
The death yak gores you!!
* * * LOW HITPOINT WARNING * * *
Unknown command.
Unknown command.
Unknown command.
Okay, then.
You fade into invisibility!
The death yak completely misses you.
You catch the helpless death yak completely off-guard!
You impale the death yak!!
The death yak is moderately wounded.
You catch the helpless death yak completely off-guard!
You skewer the death yak like a kebab!!!
You bite the death yak, but do no damage.
The death yak is almost dead.
The death yak barely misses you.
You hit the death yak but do no damage.
The death yak is almost dead.
The death yak gores you!
You die...

#.##.# #..# #.##.# #.## #.##.#
#.## #..#.# #.##
#....#######.# ##.#.# #.##
#............# #.#.# #.[.
#.#########..# #.#.# #... #.#
#.[#####.#.# #... #.#
######..[[......#######..
#.####.!....).Y)......>.......
#......#####.@....############
######## ########


You could see a death yak (unable to see you).

Vanquished Creatures
  Erica (D:8)
  A death yak (D:10)
  A kobold demonologist (D:9)
  A shadow (D:9)
  5 yaks (D:9)
  2 wyverns
  2 steam dragons
  Menkaure (D:7)
  4 water moccasins
  Duvessa (D:7)
  A sky beast (D:8)
  2 orc warriors
  An ogre (D:7)
  A centaur (D:9)
  3 kobold brigands (D:9)
  6 bullfrogs
  8 wights
  Dowan (D:7)
  4 killer bees (D:7)
  3 hounds
  3 orc priests
  Crazy Yiuf (D:2)
  4 iguanas
  2 jellies
  2 sleepcaps
  7 orc wizards
  A mummy (D:6)
  4 gnolls (D:3)
  12 adders
  2 shadow imps
  2 white imps
  2 ufetubi
  3 worms
  A dart slug (D:3)
  31 orcs
  6 ball pythons
  10 bats
  8 endoplasms
  A giant cockroach (D:2)
  5 goblins
  13 hobgoblins
  6 quokkas
  3 frilled lizards
  13 kobolds
  3 rats
194 creatures vanquished.

Vanquished Creatures (collateral kills)
  5 wights
  An orc (D:8)
6 creatures vanquished.

Vanquished Creatures (others)
  2 dancing weapons
  A fungus (D:10)
  A plant (D:10)
4 creatures vanquished.

Grand Total: 204 creatures vanquished

Notes
Turn   | Place    | Note
-------+----------+-------------------------------------------
     0 | D:1      | tilp the Vampire Enchanter began the quest for the Orb.
     0 | D:1      | Reached XP level 1. HP: 13/13 MP: 3/3
    37 | D:1      | You fall into a shaft and drop 1 floor!
   236 | D:1      | Reached XP level 2. HP: 20/20 MP: 5/5
   266 | D:1      | Learned a level 2 spell: Ensorcelled Hibernation
   290 | D:1      | Reached skill level 1 in Fighting
   748 | D:1      | Gained mutation: You are afflicted with vampirism and can
                  | become a bat while bloodless. [Vampire growth]
   748 | D:1      | Reached XP level 3. HP: 26/26 MP: 6/6
   831 | D:1      | Found a faded altar of an unknown god.
  1306 | D:2      | Reached XP level 4. HP: 33/33 MP: 1/7
  2032 | D:2      | Found a runed translucent door.
  2033 | D:2      | Noticed Crazy Yiuf
  2038 | D:2      | Killed Crazy Yiuf
  2039 | D:2      | Reached skill level 5 in Stealth
  2039 | D:2      | Reached skill level 5 in Hexes
  2258 | D:3      | Reached XP level 5. HP: 38/38 MP: 8/8
  2829 | D:4      | Learned a level 3 spell: Confusing Touch
  2833 | D:4      | Learned a level 3 spell: Tukima's Dance
  3235 | D:4      | Reached XP level 6. HP: 46/46 MP: 7/10
  3566 | D:4      | Identified a scroll of acquirement
  3576 | D:5      | Entered Level 5 of the Dungeon
  3608 | D:5      | Noticed a water moccasin
  3625 | D:5      | Killed a water moccasin
  3626 | D:5      | Reached skill level 6 in Stealth
  3709 | D:5      | Found a sparkling altar of Nemelex Xobeh.
  3766 | D:5      | Reached XP level 7. HP: 52/52 MP: 11/11
  4024 | D:5      | Found a staircase to the Ecumenical Temple.
  4234 | D:5      | Identified the +0 leather armour "Ymozoar" {Str+3 Dex+4}
  4253 | Temple   | Entered the Ecumenical Temple
  4455 | Temple   | Became a worshipper of the Wu Jian Council
  5280 | D:6      | Found a snail-covered altar of Cheibriados.
  5307 | D:6      | Reached skill level 7 in Stealth
  5647 | D:6      | Reached XP level 8. HP: 59/60 MP: 6/14
  5990 | D:6      | Learned a level 3 spell: Dazzling Flash
  6085 | D:7      | Reached * piety under Wu Jian
  6086 | D:7      | Reached skill level 1 in Evocations
  6103 | D:7      | Reached skill level 1 in Ice Magic
  6111 | D:7      | Reached skill level 1 in Throwing
  6231 | D:7      | Reached skill level 8 in Stealth
  6301 | D:7      | Acquired a staff of cold
  6305 | D:7      | Acquired 462 gold pieces
  6833 | D:7      | Noticed Menkaure
  6846 | D:7      | Killed Menkaure
  6847 | D:7      | Reached skill level 5 in Short Blades
  6847 | D:7      | Reached XP level 9. HP: 65/65 MP: 12/15
  6992 | D:7      | Noticed Duvessa
  6992 | D:7      | Noticed Dowan
  6995 | D:7      | Killed Duvessa
  7000 | D:7      | Killed Dowan
  7366 | D:8      | Reached ** piety under Wu Jian
  7367 | D:8      | Reached skill level 9 in Stealth
  7367 | D:8      | Reached skill level 5 in Spellcasting
  7388 | D:8      | Found Ithraf's Antique Weapon Shoppe.
  7395 | D:8      | Noticed Erica
  7401 | D:8      | Killed Erica
  7402 | D:8      | Reached skill level 10 in Stealth
  7647 | D:8      | Reached XP level 10. HP: 22/68 MP: 1/17
  8382 | D:9      | Reached skill level 1 in Conjurations
  8766 | D:9      | Found the +3 warlock's mirror {omnireflect}
  8789 | D:9      | Reached *** piety under Wu Jian
  9133 | D:9      | Found Vuotruo's Armour Shoppe.
  9368 | D:10     | Entered Level 10 of the Dungeon
  9370 | D:10     | Found a runed translucent door.
  9371 | D:10     | Identified the +2 trident "Miabbynka" {pain, Fly rF+}
  9371 | D:10     | Noticed sanka's ghost (journeyman DEAr)
  9382 | D:10     | Noticed a death yak
  9384 | D:10     | Noticed a death yak
  9385 | D:10     | Noticed a death yak
  9385 | D:10     | Noticed a death yak
  9387 | D:10     | Noticed a death yak
  9396 | D:10     | Killed a death yak
  9397 | D:10     | Reached skill level 5 in Fighting
  9397 | D:10     | Noticed a death yak
  9412 | D:9      | Slain by a death yak

Illustrated notes

Levels and vault maps discovered:
D:1:      dpeg_arrival_signposts, layout_loops_cross,
          ebering_ecumenical_altar_sacrificial, nicolae_hexahallways,
          minmay_tall_x
D:2:      layout_loops_ring, st_stairs_12, minmay_pentomino_u4,
          uniq_crazy_yiuf_cottage
D:3:      layout_rooms
D:4:      layout_rooms
D:5:      layout_gridville, lemuel_tele_altar, minmay_temple_entry_offerings
D:6:      layout_basic, chei_slow_surprise, minmay_crystal_water
D:7:      layout_basic, serial_rivers, chequers_serial_rivers_room_a,
          chequers_serial_rivers_micro_d, chequers_serial_rivers_micro_b,
          chequers_serial_rivers_small_3, amcnicky_mini_pool_small,
          item_on_display_b, uniq_duvessa, uniq_menkaure
D:8:      layout_gridville, serial_shops, nicolae_shop_overgrown_old_shop,
          minmay_misc_feat_chi, hangedman_decor_riveting, st_stairs_9,
          uniq_erica
D:9:      layout_loops_ring, serial_shops, kennysheep_mini, chequers_arboretum
D:10:     layout_rooms, nicolae_uskayaw_dance_hall, dpeg_lair_monsters,
          ebering_ghost_funeral_grove, nicolae_diode_stairs
Temple:   compressed_dpeg_triangle_lava_temple

Skill      XL: |  1  2  3  4  5  6  7  8  9 10 |
---------------+-------------------------------+-----
Fighting       | 1 2 3 4 5 |  5.1
Short Blades   | 2 3 4 5 8 |  8.4
Stealth        | 5 6 7 8 10 | 10.7
Hexes          | 5 7 8 |  8.7
Dodging        | 3 4 |  4.8
Spellcasting   | 3 4 5 |  5.4
Evocations     | 3 4 |  4.5
Ice Magic      | 2 3 |  3.1
Throwing       | 1 2 |  2.8
Conjurations   | 1 |  1.4

Action                     |  1- 3 |  4- 6 |  7- 9 | 10-12 || total
---------------------------+-------+-------+-------+-------++-------
  Melee: Dagger            |    91 |   104 |   160 |    93 ||   448
         Bite              |     3 |    11 |    15 |    18 ||    47
         Punch             |     1 |     1 |     3 |       ||     5
  Throw: Dart              |       |     3 |       |       ||     3
   Cast: Ensorcelled Hiber |     7 |    45 |    72 |    10 ||   134
         Confusing Touch   |       |     2 |     8 |     4 ||    14
         Tukima's Dance    |       |       |     7 |     4 ||    11
         Dazzling Flash    |       |       |       |    11 ||    11
Ability: Lunge             |       |       |    27 |    10 ||    37
         Whirlwind         |       |       |       |     3 ||     3
    Use: Scroll            |     6 |     9 |     4 |     5 ||    24
         Potion            |       |     4 |       |     1 ||     5
   Stab: Sleeping          |    20 |    39 |    66 |     7 ||   132
         Distracted        |       |     1 |       |       ||     1
         Confused          |       |     1 |     8 |     2 ||    11
         Invisible         |       |       |       |    14 ||    14
 Armour: Robe              |    35 |    31 |    10 |       ||    76
         Leather armour    |       |       |    17 |    17 ||    34
  Dodge: Dodged            |    71 |    75 |    78 |    51 ||   275
